 Seeded DCSS version 0.25.1-8-g42b30a86e7 (webtiles) character file.

Game seed: 20201210 (custom seed)

564 radhat240 the Magician (level 7, -3/36 HPs)
             Began as a Deep Elf Fire Elementalist on Dec 17, 2020.
             Slain by a slave (7 damage)
             ... led by Pikel
             ... on level 5 of the Dungeon.
             The game lasted 00:36:44 (5492 turns).

radhat240 the Magician (Deep Elf Fire Elementalist) Turns: 5492, Time: 00:36:45

Health: -3/36      AC:  7    Str:  5    XL:     7   Next: 10%
Magic:  11/17      EV: 14    Int: 22    God:
Gold:   194        SH:  0    Dex: 15    Spells: 0/16 levels left

rFire    + . .     SeeInvis .   t - +4 dagger
rCold    . . .     Gourm    .   (no shield)
rNeg     . . .     Faith    .   a - +1 robe
rPois    .         Spirit   .   (no helmet)
rElec    .         Reflect  .   (no cloak)
rCorr    .         Harm     .   m - +1 pair of gloves
MR       .....                  g - +1 pair of boots
Stlth    +++.......             h - amulet of regeneration
HPRegen  0.52/turn              b - ring of protection from fire
MPRegen  0.15/turn              (no ring)

@: about to teleport, very slightly contaminated
A: no striking features
a: no special abilities


You were on level 5 of the Dungeon.
You were not hungry.

You visited 1 branch of the dungeon, and saw 5 of its levels.

You collected 194 gold pieces.

Inventory:

Hand Weapons
 j - a +0 dagger of freezing
 r - the +8 dagger "Nayrioqem" {elec, rElec rN+++ Str-5 Stlth+, unknown}
   (You found it on level 5 of the Dungeon)

   Occasionally, upon striking a foe, it will discharge some electrical energy
   and cause terrible harm.
   It affects your strength (-5).
   It insulates you from electricity.
   It renders you almost immune to negative energy.
   It makes you more stealthy.
 t - a +4 dagger (weapon)
Armour
 a - a +1 robe (worn)
 g - a +1 pair of boots (worn)
 m - a +1 pair of gloves (worn)
Jewellery
 b - a ring of protection from fire (left hand)
 h - an amulet of regeneration (around neck)
Scrolls
 d - 2 scrolls of teleportation
 e - 3 scrolls of amnesia
 k - a scroll of identify
 l - 2 scrolls of remove curse {unknown}
 p - 2 scrolls of blinking {unknown}
 q - a scroll of immolation {unknown}
 s - a scroll of fear {unknown}
Potions
 f - 2 potions of curing {unknown}
 i - a potion of brilliance {unknown}
 o - a potion of haste {unknown}
 u - a potion of ambrosia {unknown}
Comestibles
 c - 14 rations


   Skills:
 + Level 4.4 Dodging
 + Level 4.6 Stealth
 + Level 5.4 Spellcasting
 + Level 3.5 Conjurations
 + Level 5.4 Fire Magic


You couldn't memorise any spells.
You knew the following spells:

 Your Spells              Type           Power        Failure   Level  Hunger
a - Foxfire               Conj/Fire      ####         1%          1    None
b - Conjure Flame         Conj/Fire      ####....     4%          3    ##.....
c - Inner Flame           Hex/Fire       ###.....     10%         3    ##.....
d - Fireball              Conj/Fire      ####......   38%         5    #####..
e - Sticky Flame          Conj/Fire      ####....     16%         4    ####...

Your spell library contained the following spells:

 Spells                   Type           Power        Failure   Level  Hunger


Dungeon Overview and Level Annotations

Branches:
Dungeon (5/15)
 Temple: D:4-7

Altars:
Dithmenos
Trog
Vehumet
Yredelemnul

Annotations:
D:5 Pikel


Message History

The foxfire hits Pikel but does no damage.
The slave closely misses you. Pikel closely misses you.
The slave completely misses you. The slave hits you!
As you read the scroll labeled FIGU YQEKOR, it crumbles to dust.
You feel strangely unstable.
It was a scroll of teleportation.
Pikel hits you but does no damage. The slave closely misses you.
The slave hits you but does no damage.
You closely miss Pikel. The slave closely misses you. Pikel closely misses you.
The slave hits you but does no damage. x2; The slave misses you.
All of the chunks of flesh in your inventory have rotted away.
You closely miss Pikel. The slave barely misses you.
Pikel hits you with a +2 whip of flaming!
Pikel burns you. The slave hits you! The slave closely misses you.
The slave hits you but does no damage.
You barely miss Pikel. The slave hits you.
* * * LOW HITPOINT WARNING * * *
Pikel barely misses you. The slave hits you.
* * * LOW HITPOINT WARNING * * *
The slave hits you!
You die...

## #..#(#.....# ....#.#.# .##
#..##'.....+##..###...# .≈######
#.#...##+##...#.......#
♣≈#....###...#.# #.....###...#
.≈#.(........#.# #...### #...##
.##....###...#.# #.....# #(...#
##.....# #.#...#####...#.# #.#).#
#....).# #..##+.ppl.'##..# #.#..#
#......# ##.# #p@##.# #.####.#...
.......###..###pK#..###..........
#..........#...#.+.#...#.###.##..
#####'####.......#..p#...# #. ##.
#.##########...###.### # #K
#.#..........### #.. p.
#.#.######)### #... ..p #.#.# #.#
#.... .p.p #.#.# #.# #.#### +###.


You could see Pikel, 4 slaves and a frilled lizard.

Vanquished Creatures
  An ice beast (D:5)
  A crimson imp (D:5)
  A jelly (D:5)
  2 orc wizards
  2 hounds (D:5)
  A bullfrog skeleton (D:5)
  An iguana (D:5)
  3 worker ants
  A gnoll (D:1)
  3 adders
  An ooze (D:2)
  2 adder skeletons
  4 worms
  4 dart slugs
  4 leopard geckos
  7 orcs
  6 bats (D:1)
  6 giant cockroaches
  6 goblins
  14 hobgoblins
  4 jackals
  6 frilled lizards
  7 kobolds
  A leopard gecko skeleton (D:5)
  12 rats
100 creatures vanquished.

Vanquished Creatures (others)
  355 foxfires
355 creatures vanquished.

Grand Total: 455 creatures vanquished

Notes
Turn   | Place    | Note
-------+----------+-------------------------------------------
     0 | D:1      | radhat240 the Deep Elf Fire Elementalist began the quest
                  | for the Orb.
     0 | D:1      | Reached XP level 1. HP: 10/10 MP: 6/6
   388 | D:1      | Reached XP level 2. HP: 15/15 MP: 2/8
   670 | D:1      | Reached XP level 3. HP: 19/19 MP: 8/10
   680 | D:1      | Learned a level 3 spell: Conjure Flame
   684 | D:1      | Learned a level 3 spell: Inner Flame
  1602 | D:2      | Reached XP level 4. HP: 24/24 MP: 5/11
  1948 | D:2      | Found a shadowy altar of Dithmenos.
  1950 | D:2      | Found a basalt altar of Yredelemnul.
  1950 | D:2      | Found a radiant altar of Vehumet.
  3050 | D:3      | Reached XP level 5. HP: 28/28 MP: 11/13
  3080 | D:3      | Learned a level 5 spell: Fireball
  3973 | D:4      | Noticed a moth of wrath
  3976 | D:4      | Found a bloodstained altar of Trog.
  4173 | D:5      | Entered Level 5 of the Dungeon
  4177 | D:5      | Got a faintly glowing dagger
  4326 | D:5      | Reached XP level 6. HP: 32/32 MP: 5/15
  4396 | D:5      | Noticed an ice beast
  4408 | D:5      | Killed an ice beast
  4408 | D:5      | Reached skill level 5 in Spellcasting
  4408 | D:5      | Reached skill level 5 in Fire Magic
  5139 | D:5      | Reached XP level 7. HP: 34/36 MP: 15/17
  5145 | D:5      | Learned a level 4 spell: Sticky Flame
  5441 | D:5      | Noticed Pikel
  5492 | D:5      | Slain by a slave

Illustrated notes

Levels and vault maps discovered:
D:1:      dpeg_arrival_snail, layout_basic
D:2:      layout_basic, chequers_temple_overflow_statue_of_worship,
          minmay_hedge_maze, minmay_misc_feat_five
D:3:      layout_basic
D:4:      layout_loops_ring, tgw_trog, first_ration, minmay_distorted
D:5:      layout_basic, kennysheep_nub, minmay_fractal_squares_diagonal_5,
          uniq_pikel

Skill      XL: |  1  2  3  4  5  6 |
---------------+-------------------+-----
Fire Magic     | 4 5 |  5.4
Conjurations   | 2 3 |  3.5
Dodging        | 3 4 |  4.4
Stealth        | 3 4 |  4.6
Spellcasting   | 4 5 |  5.4

Action                   |  1- 3 |  4- 6 |  7- 9 || total
-------------------------+-------+-------+-------++-------
Melee: Unarmed           |     2 |     5 |       ||     7
       Dagger            |       |   315 |     4 ||   319
       Flail             |       |     2 |       ||     2
 Cast: Foxfire           |    75 |   142 |    12 ||   229
       Conjure Flame     |     2 |       |       ||     2
       Inner Flame       |     2 |       |       ||     2
  Use: Scroll            |     3 |     1 |     1 ||     5
  Eat: Chunk             |     2 |    10 |       ||    12
       Ration            |       |     1 |       ||     1
Armor: Robe              |     5 |    95 |     5 ||   105
Dodge: Dodged            |    19 |   195 |    22 ||   236
